 Dungeon Crawl Stone Soup version 0.29.1-1-gd02db6906a (webtiles) character file.

Game seed: 9884636882866956174

94691 RogueRain17 the Prestidigitator (level 15, -15/107 HPs)
             Began as a Demigod Conjurer on Sept 28, 2022.
             Killed from afar by a salamander tyrant (35 damage)
             ... on level 3 of the Snake Pit.
             The game lasted 02:09:21 (31660 turns).

RogueRain17 the Prestidigitator (Demigod Conjurer) Turns: 31660, Time: 02:09:21

Health: -15/107    AC: 15    Str:  8      XL:     15   Next: 21%
Magic:  10/37      EV: 17    Int: 36 (40) God:
Gold:   1242       SH: 10    Dex: 16      Spells: 3/26 levels left

rFire   + . .      SeeInvis +   k - +6 dagger "Geocwups" {vamp, Dex+4}
rCold   x . .      Faith    .   J - +2 buckler
rNeg    . . .      Spirit   .   F - +5 steam dragon scales
rPois   .          Reflect  +   T - +2 hat {SInv}
rElec   .          Harm     .   (no cloak)
rCorr   .          Rampage  .   (no gloves)
Will    +....                   S - +0 pair of boots
Stlth   +++.......              m - amulet of reflection
HPRegen 0.27/turn               d - ring of magical power
MPRegen 0.25/turn               Q - ring of fire

@: weakened
A: high MP 1, forlorn, divine attributes
a: no special abilities


You were on level 3 of the Snake Pit.
You visited 5 branches of the dungeon, and saw 25 of its levels.
You also visited: Ossuary and Volcano.

You collected 2604 gold pieces.
You spent 1362 gold pieces at shops.

Inventory:

Hand Weapons
 a - the +9 trident of the Endless Expanse {freeze, rElec Str-2 Int+9 Dex-5}
   (You found it on level 5 of the Lair of Beasts)

   It freezes those it strikes, dealing additional cold damage.
   It can also slow down cold-blooded creatures.
   Str:       It affects your strength (-2).
   Int:       It affects your intelligence (+9).
   Dex:       It affects your dexterity (-5).
   rElec:     It insulates you from electricity.
 k - the +6 dagger "Geocwups" (weapon) {vamp, Dex+4}
   (You found it on level 1 of the Snake Pit)

   It occasionally heals its wielder for a portion of the damage dealt when it
   wounds a living foe.
   Dex:       It affects your dexterity (+4).
Missiles
 q - 7 throwing nets
 W - 3 silver boomerangs
Armour
 c - an orb of energy
 g - the +3 leather armour of Privacy {rPois rC+ Dex+4}
   (You found it on level 2 of the Snake Pit)

   Dex:       It affects your dexterity (+4).
   rC:        It protects you from cold.
   rPois:     It protects you from poison.
 F - +5 steam dragon scales (worn)
 J - a +2 buckler (worn)
 S - a +0 pair of boots (worn)
 T - a +2 hat of see invisible (worn)
Jewellery
 d - a ring of magical power (left hand)
 l - the ring of Inyte {rElec rPois rN+ Str+2 Dex-5}
   (You acquired it on level 2 of the Orcish Mines)

   [ring of poison resistance]

   Str:       It affects your strength (+2).
   Dex:       It affects your dexterity (-5).
   rElec:     It insulates you from electricity.
   rPois:     It protects you from poison.
   rN:        It protects you from negative energy.
 m - an amulet of reflection (around neck)
 p - the ring "Meganut" {rPois Will+ Int+3}
   (You acquired it on level 2 of the Orcish Mines)

   [ring of poison resistance]

   Int:       It affects your intelligence (+3).
   rPois:     It protects you from poison.
   Will:      It increases your willpower.
 s - the ring "Ziparuul" {Contam rPois rC+ rCorr}
   (You bought it in a shop on level 1 of the Snake Pit)

   [ring of poison resistance]

   rC:        It protects you from cold.
   rPois:     It protects you from poison.
   Contam:    It causes magical contamination when unequipped.
   rCorr:     It protects you from acid and corrosion.
 w - a ring of protection from cold
 x - an amulet of regeneration
 L - a ring of flight
 N - a ring of resist corrosion
 Q - a ring of fire (right hand)
 R - a ring of wizardry
Wands
 b - a wand of quicksilver (7)
 t - a wand of roots (21)
 u - a wand of mindburst (7)
 B - a wand of flame (58)
 M - a wand of paralysis (10)
Scrolls
 e - 6 scrolls of poison
 f - 6 scrolls of vulnerability
 o - a scroll of enchant armour
 r - 9 scrolls of teleportation
 y - 7 scrolls of identify
 z - 3 scrolls of silence
 C - 2 scrolls of enchant weapon
 E - 3 scrolls of magic mapping
 K - 7 scrolls of immolation
 X - a scroll of amnesia
 Y - a scroll of torment {unknown}
 Z - a scroll of brand weapon
Potions
 h - 3 potions of lignification
 i - 2 potions of cancellation
 j - 10 potions of curing
 n - 9 potions of brilliance
 v - 5 potions of might
 A - 7 potions of flight
 G - 5 potions of mutation
 H - 3 potions of berserk rage
 I - a potion of ambrosia
 V - 4 potions of resistance
Miscellaneous
 P - a phantom mirror
 U - a lightning rod (4/4)


   Skills:
 + Level 3.3 Fighting
 - Level 10.0 Armour
 - Level 10.0 Dodging
 + Level 4.1 Stealth
 - Level 6.0 Spellcasting
 + Level 10.4 Conjurations
 + Level 13.1 Fire Magic
 - Level 13.4 Evocations


You had 3 spell levels left.
You knew the following spells:

 Your Spells              Type           Power      Damage    Failure   Level
a - Magic Dart            Conj           100%       1d8       1%          1
b - Searing Ray           Conj           100%       2d8       1%          2
c - Flame Wave            Conj/Fire      97%        2d20      1%          4
d - Fireball              Conj/Fire      48%        3d19      1%          5
e - Iskenderun's Battles  Conj           72%        2d12      1%          5
f - Starburst             Conj/Fire      48%        6d13      5%          6

Your spell library contained the following spells:

 Spells                   Type           Power      Damage    Failure   Level
 Foxfire                  Conj/Fire      100%       2x1d9     1%          1
 Static Discharge         Conj/Air       48%        3-9/arc   1%          2
 Conjure Flame            Conj/Fire      97%        6-21      1%          3
 Dazzling Flash           Conj/Hex       96%        N/A       1%          3
 Inner Flame              Hex/Fire       72%        N/A       1%          3
 Stone Arrow              Conj/Erth      96%        3d13      1%          3
 Apportation              Tloc           20%        N/A       4%          1
 Beastly Appendage        Tmut           20%        N/A       4%          1
 Necrotise                Necr           40%        1d6       4%          1
 Sandblast                Erth           20%        2d7       4%          1
 Summon Small Mammal      Summ           40%        N/A       4%          1
 Blink                    Tloc           20%        N/A       7%          2
 Passwall                 Tmut/Erth      8%         N/A       7%          2
 Poisonous Vapours        Pois/Air       20%        N/A       7%          2
 Sublimation of Blood     Necr           10%        N/A       7%          2
 Wereblood                Tmut           10%        N/A       7%          2
 Gell's Gravitas          Tloc           10%        N/A       14%         3
 Lesser Beckoning         Tloc           10%        N/A       14%         3
 Portal Projectile        Hex/Tloc       20%        N/A       14%         3
 Spider Form              Tmut/Pois      10%        N/A       14%         3
 Teleport Other           Tloc           10%        N/A       14%         3
 Tukima's Dance           Hex            10%        N/A       14%         3
 Sticky Flame             Conj/Fire      97%        2d11      1%          4
 Fulminant Prism          Conj/Hex       24%        3d13      5%          4
 Iskenderun's Mystic Bla  Conj/Tloc      48%        2d11      5%          4
 Irradiate                Conj/Tmut      24%        3d19      16%         5
 Lightning Bolt           Conj/Air       24%        1d39      16%         5
 Animate Dead             Necr           10%        N/A       43%         4
 Corpse Rot               Necr/Pois/Air  10%        N/A       43%         4
 Dispel Undead            Necr           10%        3d9       43%         4
 Petrify                  Tmut/Erth      10%        N/A       43%         4
 Orb of Destruction       Conj           36%        9d11      47%         7
 Conjure Ball Lightning   Conj/Air       24%        3x3d7     63%         6
 Blade Hands              Tmut           5%         N/A       78%         5
 Borgnjor's Vile Clutch   Necr/Erth      5%         N/A       78%         5
 Manifold Assault         Tloc           10%        N/A       78%         5
 Death Channel            Necr           5%         N/A       100%        6
 Maxwell's Capacitive Co  Air            5%         ∞         100%        8
 Fire Storm               Conj/Fire      48%        8d12      100%        9


Dungeon Overview and Level Annotations

Branches:
Dungeon (14/15)            Temple (0/1) D:5            Lair (5/5) D:11
 Shoals (0/4) Lair:3        Snake (3/4) Lair:2        Slime (0/5) Lair:4
    Orc (2/2) D:10            Elf (1/3) Orc:2       Ossuary (visited)
Volcano (visited)
 Vaults: D:13-14

Shops:
D:5 *   D:9 !   D:12 !*((*   Orc:2 *(=[   Snake:1 [=?   Snake:3 !

Annotations:
D:3 Sigmund
D:8 exclusion: oklob plant
D:12 2 transporters
Lair:1 exclusion: 2 oklob plants
Lair:4 exclusion: 2 oklob plants
Snake:2 Donald
Snake:3 Vashnia


Innate Abilities, Weirdness & Mutations

You have an increased reservoir of magic. (+10% MP)
You shall have no god before yourself.
Your divine heritage dramatically boosts your attributes as you level up.


Message History

The salamander mystic hits your butterfly with a +0 dagger!
Your butterfly dies!
Your butterfly disappears in a burst of colours!
The guardian serpent closely misses your butterfly.
The salamander tyrant gazes fiercely through you!
You feel as though you will be weak longer.
The guardian serpent casts a spell at you.
The bolt of poison hits your butterfly!!
Your butterfly is poisoned.
Your butterfly dies!
Your butterfly disappears in a burst of colours!
The bolt of poison misses you.
The bolt of poison hits your butterfly!!
Your butterfly dies!
Your butterfly disappears in a burst of colours!
The salamander mystic casts a spell at you.
The bolt of magma misses your butterfly.
The bolt of magma hits your butterfly!!
Your butterfly dies!
Your butterfly disappears in a burst of colours!
The bolt of magma hits you! You partially resist.
* * * LOW HITPOINT WARNING * * *
The bolt of magma misses your butterfly.
Vashnia mumbles some strange words.
Vashnia blinks!
The salamander tyrant hits your butterfly.
Your butterfly dies!
Your butterfly disappears in a burst of colours!
The guardian serpent closely misses your butterfly.
You feel better.
The salamander mystic gestures at the salamander tyrant while chanting.
The salamander tyrant seems to speed up.
A salamander comes into view. It is wielding a +0 spear.
The guardian serpent hits your butterfly!!
Your butterfly dies!
Your butterfly disappears in a burst of colours!
The salamander misses your butterfly.
The salamander tyrant rends the earth beneath you!
The blast of magma engulfs you!! You partially resist.
You die...

##. .......
##.....## .......
#.#.......# .......
#.....)..[##......8
....^......<.......
.....)bb..b##...<.∩
...b..bb...## .....
......b.bb..#.....8
#...b.bb@..b......#
#...S..b...b..#. ##
#.....b....b.##
##....b.N....#
#....Nb.N..b.#
..#...b.....N# .
##...........
##N.....#....
.######.....


You could see a salamander tyrant (fast), a salamander mystic (ally target), 2
salamanders, a guardian serpent and a naga mage.

Vanquished Creatures
  Gastronok (D:10)
  A nagaraja (Snake:2)
  2 orc warlords
  The ghost of ICEMaiden the Fighter, a journeyman MiFi of Cheibriados (Orc:2)
  A dire elephant (Lair:5)
  2 merfolk impalers (Orc:2)
  Fannar (Lair:3)
  Harold (Lair:2)
  3 boulder beetles
  A centaur warrior (Orc:2)
  2 anacondas
  2 hydras
  A merfolk avatar (Lair:5)
  5 two-headed ogres
  A naga warrior (Snake:1)
  11 naga sharpshooters
  5 shock serpents
  An orc high priest (Orc:2)
  2 sea snakes (Lair:5)
  3 harpies (Lair:5)
  A deep elf archer (Orc:2)
  4 naga ritualists
  A lindwurm (Lair:3)
  9 orc knights (Orc:2)
  2 deep elf pyromancers (Elf:1)
  8 mana vipers
  4 salamanders
  3 cyclopes
  3 manticores
  4 orc sorcerers
  20 black mambas
  2 merfolk sirens (Lair:3)
  An ugly thing (D:10)
  Joseph (D:7)
  3 guardian serpents
  5 naga magi (Snake:1)
  2 torpor snails
  9 elephants
  A gargoyle (D:10)
  12 cane toads
  2 rime drakes
  8 komodo dragons
  Psyche (D:9)
  A meliai (D:13)
  7 trolls
  A wind drake (Lair:5)
  2 hornets (Lair:5)
  9 polar bears
  2 merfolk (Lair:3)
  4 dream sheep (Lair:5)
  20 blink frogs
  A vampire (D:12)
  39 yaks
  A spriggan (Lair:3)
  3 wyverns
  A wraith (D:14)
  8 basilisks
  3 vampire mosquitoes (D:12)
  The ghost of hawla the Stinger, an amateur FeVM of Vehumet (D:6)
  3 steam dragons
  3 wargs
  15 nagas
  An acid dragon (D:12)
  11 water moccasins
  Duvessa (D:7)
  2 ice beasts
  2 sky beasts (D:6)
  6 black bears
  8 ogres
  26 orc warriors
  19 wolves
  5 centaurs
  A phantom (D:6)
  8 bullfrogs
  A kobold brigand (D:8)
  A necrophage (D:8)
  3 scorpions
  7 wights
  Dowan (D:7)
  3 killer bees
  A howler monkey (D:9)
  4 hounds
  A gnoll bouda (D:5)
  2 jellies
  14 orc priests
  7 iguanas
  3 hell rats (Lair:1)
  13 orc wizards
  8 mummies (Ossuary)
  19 gnolls
  12 adders
  6 river rats (Lair:1)
  2 shadow imps
  An ufetubus (D:6)
  A worm (D:2)
  3 dart slugs
  57 orcs
  8 endoplasms
  5 giant cockroaches
  A gnoll zombie (Ossuary)
  8 hobgoblins
  10 kobolds
  5 quokkas
  9 ball pythons
  6 bats
  2 frilled lizards
  4 goblins
  2 hobgoblin zombies (Ossuary)
  2 kobold zombies (Ossuary)
  3 orc zombies (Ossuary)
  9 rats
611 creatures vanquished.

Vanquished Creatures (others)
  A dancing weapon (Elf:1)
  A deep elf knight (Elf:1)
  A shining eye (shapeshifter) (D:12)
  A redback (D:12)
  An orc (Orc:1)
  62 fungi
  77 plants
144 creatures vanquished.

Grand Total: 755 creatures vanquished

Notes
Turn   | Place    | Note
-------+----------+-------------------------------------------
     0 | D:1      | RogueRain17 the Demigod Conjurer began the quest for the
                  | Orb.
     0 | D:1      | Reached XP level 1. HP: 14/14 MP: 5/5
    13 | D:1      | Reached XP level 2. HP: 20/20 MP: 0/7
   972 | D:2      | Reached XP level 3. HP: 26/26 MP: 3/8
  1217 | D:2      | Reached skill level 5 in Conjurations
  1327 | D:2      | Reached XP level 4. HP: 27/33 MP: 6/9
  1848 | D:2      | Learned a level 2 spell: Searing Ray
  2302 | D:3      | Reached XP level 5. HP: 38/38 MP: 4/10
  2729 | D:3      | Noticed Sigmund
  3458 | D:4      | Noticed an ogre
  3464 | D:4      | Killed an ogre
  3465 | D:4      | Reached XP level 6. HP: 45/45 MP: 11/11
  4113 | D:5      | Entered Level 5 of the Dungeon
  4203 | D:5      | Noticed a water moccasin
  4211 | D:5      | Killed a water moccasin
  4212 | D:5      | Reached XP level 7. HP: 34/50 MP: 11/12
  4430 | D:5      | Found a staircase to the Ecumenical Temple.
  4627 | D:5      | Reached skill level 1 in Evocations
  4963 | D:5      | Found Won Kibb's Fire Supplies.
  5155 | D:5      | Reached XP level 8. HP: 31/57 MP: 12/13
  5657 | D:6      | Found a runed translucent door.
  5657 | D:6      | Noticed hawla's ghost (amateur FeVM)
  6096 | D:6      | Reached skill level 10 in Conjurations
  6189 | D:6      | Learned a level 4 spell: Flame Wave
  6250 | D:6      | Reached skill level 1 in Fire Magic
  6665 | D:6      | Reached skill level 5 in Evocations
  6874 | D:6      | Killed hawla's ghost
  7165 | D:7      | Noticed Joseph
  7468 | D:7      | Found a sand-covered staircase.
  7475 | Ossuary  | Entered an ossuary
  7577 | Ossuary  | Reached XP level 9. HP: 59/62 MP: 8/14
  7810 | D:7      | Killed Joseph
  8150 | D:7      | Noticed Duvessa
  8166 | D:7      | Killed Duvessa
  8201 | D:7      | Noticed Dowan
  8214 | D:7      | Killed Dowan
  8574 | D:8      | Learned a level 4 spell: Sticky Flame
  9084 | D:8      | Noticed an oklob plant
  9314 | D:8      | Reached skill level 5 in Fire Magic
 10228 | D:9      | Reached skill level 1 in Armour
 10245 | D:9      | Reached XP level 10. HP: 58/69 MP: 5/15
 10253 | D:9      | Noticed Psyche
 10257 | D:9      | Killed Psyche
 10668 | D:9      | Found Ecuifyo's Distillery.
 10750 | D:10     | Entered Level 10 of the Dungeon
 10750 | D:10     | Noticed a red ugly thing
 10752 | D:10     | Noticed Gastronok
 11037 | D:5      | Bought Ivas's Lectures on Ignition for 784 gold pieces
 11212 | D:10     | Noticed a two-headed ogre
 11229 | D:10     | Killed a two-headed ogre
 11335 | D:10     | Found a staircase to the Orcish Mines.
 11338 | D:10     | Killed a red ugly thing
 11429 | D:10     | Killed Gastronok
 11820 | D:11     | Found a staircase to the Lair.
 11922 | D:11     | Noticed a two-headed ogre
 11949 | D:10     | Learned a level 5 spell: Fireball
 12058 | D:11     | Noticed a two-headed ogre
 12063 | D:11     | Killed a two-headed ogre
 12064 | D:11     | Reached XP level 11. HP: 74/74 MP: 4/17
 12074 | D:11     | Noticed a boulder beetle
 12186 | D:11     | Noticed a two-headed ogre
 12197 | D:11     | Killed a two-headed ogre
 12198 | D:11     | Reached skill level 5 in Dodging
 12232 | D:11     | Killed a two-headed ogre
 12374 | Lair:1   | Entered Level 1 of the Lair of Beasts
 12434 | Lair:1   | Reached skill level 5 in Armour
 12709 | Lair:1   | Found a dark tunnel.
 12765 | Volcano  | Entered a volcano
 14877 | Lair:2   | Reached skill level 10 in Evocations
 15055 | Lair:2   | Noticed Harold
 15167 | Lair:2   | Reached XP level 12. HP: 81/81 MP: 16/18
 15339 | Lair:2   | Found a staircase to the Snake Pit.
 15440 | Lair:2   | Killed Harold
 16334 | Lair:3   | Found a staircase to the Shoals.
 16641 | Lair:3   | Noticed Fannar
 16862 | Lair:3   | Killed Fannar
 17909 | Lair:4   | Noticed a boulder beetle
 18324 | Lair:4   | Killed a boulder beetle
 18848 | Lair:4   | Found a staircase to the Slime Pits.
 19089 | Lair:5   | Entered Level 5 of the Lair of Beasts
 19097 | Lair:5   | Noticed a dire elephant
 19098 | Lair:5   | Reached skill level 10 in Fire Magic
 19202 | Lair:5   | Reached XP level 13. HP: 64/86 MP: 6/19
 21138 | Lair:5   | Killed a dire elephant
 21702 | Lair:5   | Identified the +9 trident of the Endless Expanse {freeze,
                  | rElec Str-2 Int+9 Dex-5}
 22307 | D:12     | Found Lish's Assorted Antiques.
 22458 | D:12     | Found Huodiodgh's Distillery.
 22722 | D:12     | Found Tyklihegi's Weapon Boutique.
 22732 | D:12     | Found Peony's Weapon Shoppe.
 22835 | D:12     | Found a transporter.
 22884 | D:12     | You fall into a shaft and drop 2 floors!
 23263 | D:12     | Found Kaijen's Assorted Antiques.
 23334 | D:12     | Noticed a green very ugly thing
 23360 | D:12     | Found a transporter.
 23813 | Orc:1    | Entered Level 1 of the Orcish Mines
 23902 | Orc:1    | Reached skill level 10 in Dodging
 23921 | Orc:1    | Noticed an orc warlord
 24006 | Orc:1    | Killed an orc warlord
 24013 | Orc:1    | Reached XP level 14. HP: 71/93 MP: 0/22
 24605 | Orc:2    | Entered Level 2 of the Orcish Mines
 24620 | Orc:2    | Found Eruuj's Jewellery Boutique.
 24792 | Orc:2    | Reached skill level 10 in Armour
 25081 | Orc:2    | Found Luaber's Antique Weapon Shop.
 25084 | Orc:2    | Found a staircase to the Elven Halls.
 25098 | Orc:2    | Noticed an orc warlord
 25471 | Orc:2    | Found a runed translucent gate.
 25471 | Orc:2    | Found a runed translucent gate.
 25471 | Orc:2    | Found a runed translucent gate.
 25484 | Orc:2    | Killed an orc warlord
 25669 | Orc:2    | Noticed ICEMaiden's ghost (journeyman MiFi)
 25717 | Orc:2    | Found Zuudeuk's General Store.
 25897 | Orc:2    | Found Nix Zeun's Antique Armour Shoppe.
 26139 | Orc:2    | Identified 2 scrolls of acquirement
 26139 | Orc:2    | Acquired the ring "Meganut" {rPois Will+ Int+3}
 26141 | Orc:2    | Acquired the ring of Inyte {rElec rPois rN+ Str+2 Dex-5}
 26159 | Orc:2    | Killed ICEMaiden's ghost
 26475 | Elf:1    | Entered Level 1 of the Elven Halls
 26666 | Snake:1  | Entered Level 1 of the Snake Pit
 26668 | Snake:1  | Reached skill level 5 in Spellcasting
 27180 | Lair:2   | HP: 4/93 [poisoned by a black mamba]
 28031 | Snake:1  | Learned a level 5 spell: Iskenderun's Battlesphere
 28038 | Snake:1  | Learned a level 6 spell: Starburst
 28080 | Snake:1  | Found Binon's Armour Shop.
 28084 | Snake:1  | Found Nibluc's Jewellery Boutique.
 28085 | Snake:1  | Found Ukhlein's Magic Scroll Shop.
 28090 | Snake:1  | Bought the ring "Ziparuul" {Contam rPois rC+ rCorr} for 578
                  | gold pieces
 28497 | Snake:1  | Reached skill level 1 in Fighting
 28875 | Snake:1  | Identified the +6 dagger "Geocwups" {vamp, Dex+4}
 29825 | Snake:2  | Reached XP level 15. HP: 103/104 MP: 22/28
 29871 | Snake:2  | Identified the +3 leather armour of Privacy {rPois rC+
                  | Dex+4}
 29953 | Snake:2  | Noticed a nagaraja
 29959 | Snake:2  | Killed a nagaraja
 30463 | Snake:2  | Identified the +3 kite shield of Negation {Will+}
 30463 | Snake:2  | Noticed Donald
 31618 | Snake:3  | Noticed Vashnia
 31618 | Snake:3  | Found Jonufekh's Distillery.
 31660 | Snake:3  | Killed from afar by a salamander tyrant

Illustrated notes

Levels and vault maps discovered:
D:1:      scummos_arrival_forest, layout_rooms, serial_curves, eino_curves_02,
          eino_curves_04
D:2:      layout_rooms, dreamdust_ecumenical_altar_grove
D:3:      layout_basic, lemuel_tele_altar, uniq_sigmund
D:4:      layout_cave_pools, pf_just_have_faith, mainiacjoe_overflow_alcove_4,
          chequers_serial_rivers_micro_e
D:5:      layout_basic, minmay_temple_entry_glass, nicolae_shop_fire_sale
          [nicolae_sub_dead_trees], corexii_corridor_pit, st_stairs_7
D:6:      layout_basic, lemuel_doored_altar, cheibriados_altar_1,
          hellmonk_ghost_happy_afterlife
D:7:      layout_loops_ring, mainiacjoe_overflow_small_starburst,
          nicolae_dithmenos_through_a_glass_darkly, chequers_ossuary_entry_cave,
          uniq_joseph, uniq_duvessa
D:8:      layout_layer_cave, tgw_fedhas, roderic_lattice_a,
          chequers_serial_rivers_micro_b, fountainhead,
          hellmonk_bongcloud_opening
D:9:      layout_rooms, kennysheep_mini, serial_shops, shop, abandoned_shop,
          uniq_psyche
D:10:     layout_loops_ring, orc_0_dummy, uniq_gastronok
D:11:     layout_rooms, dpeg_oklobed_lair
D:12:     gammafunk_sealed_arena, layout_long_grid, serial_shops,
          nicolae_shop_bloodbath_and_beyond, nicolae_square_shop,
          nicolae_lakefront_shop, shop,
          nicolae_shop_temple_entry_statues_fountains, okawaru_altar_gauntlet_db
D:13:     layout_long_grid, lightli_vaults_fourway_checkpoint, minmay_between
D:14:     layout_small_grid, minmay_misc_feat_cross, kennysheep_cluttered_room,
          uniq_jorgrun
Lair:1:   dpeg_oklob_gauntlet, layout_cave_pods, nicolae_volcano_entry_s_turn,
          kennysheep_abandoned_house
Lair:2:   layout_roguey, guppyfry_snake_entry_garden, uniq_harold
Lair:3:   layout_chaotic_city, elwin_shoals_entry_stream, forest_entry_grove,
          uniq_fannar
Lair:4:   layout_small_grid, minmay_slime_entry_oklob_open,
          nicolae_quartered_pool_impasse
Lair:5:   gammafunk_lair_ancient_temple, layout_small_grid
Snake:1:  layout_layer_cave, nrook_guardian_serpent_double, minmay_shop_star
Snake:2:  layout_layer_cave, st_stairs_4, uniq_donald
Snake:3:  layout_chambers, nicolae_stop_n_shop_2, nicolae_fountain_basement,
          minmay_shoptagon, uniq_vashnia, uniq_azrael, uniq_kirke
Orc:1:    layout_caves
Orc:2:    grunt_orc_gardens, layout_caves, grunt_orc_garden, grunt_orc_garden,
          grunt_orc_garden, grunt_orc_garden, gammafunk_ghost_fury_of_okawaru
Elf:1:    layout_loops_cross, serial_shops, nicolae_diamond_shop,
          nicolae_square_shop, nicolae_take_the_stairs, nicolae_shop_stone,
          nicolae_shop_overgrown_old_shop, minmay_elf_annihilation,
          minmay_misc_feat_diagonals, nicolae_elf_m_pinch,
          nicolae_elf_variegated_diamond

Skill      XL: |  1  2  3  4  5  6  7  8  9 10 11 12 13 14 15 |
---------------+----------------------------------------------+-----
Conjurations   | 4 5 6 7 8 9 10 | 10.4
Evocations     | 2 5 7 8 10 11 12 13 | 13.4
Fire Magic     | 3 5 7 8 10 11 12 13 | 13.1
Dodging        | 2 4 6 8 10 | 10.0
Armour         | 1 4 6 8 9 10 | 10.0
Spellcasting   | 2 6 |  6.0
Stealth        | 2 4 |  4.1
Fighting       | 2 3 |  3.3

Action                   |  1- 3 |  4- 6 |  7- 9 | 10-12 | 13-15 || total
-------------------------+-------+-------+-------+-------+-------++-------
Melee: Long sword        |     5 |     1 |     4 |    19 |     6 ||    35
       Trident           |       |       |       |       |    28 ||    28
       Dagger            |       |       |       |       |     4 ||     4
 Cast: Magic Dart        |    70 |   124 |   129 |    34 |    48 ||   405
       Searing Ray       |       |     7 |    36 |    26 |     9 ||    78
       Flame Wave        |       |       |    21 |    32 |    34 ||    87
       Sticky Flame      |       |       |     2 |     6 |       ||     8
       Fireball          |       |       |       |   151 |   277 ||   428
       Iskenderun's Batt |       |       |       |       |    11 ||    11
Evoke: Wand              |       |       |     1 |    20 |    16 ||    37
       Lightning rod     |       |       |       |       |     1 ||     1
  Use: Scroll            |       |    10 |     6 |    20 |    10 ||    46
       Potion            |       |       |     2 |     6 |    21 ||    29
 Stab: Paralysed         |       |       |       |     4 |     2 ||     6
       Invisible         |       |       |       |       |     1 ||     1
Armor: Robe              |       |     3 |     9 |       |       ||    12
       Steam dragon scal |       |       |     6 |    41 |    69 ||   116
       Skin              |       |       |       |     7 |     3 ||    10
Dodge: Dodged            |    11 |    12 |    61 |   106 |   167 ||   357
Block: Reflection        |       |       |     3 |       |     2 ||     5
       Orb               |       |       |     3 |       |       ||     3
       Buckler           |       |       |       |       |     3 ||     3
